 Dungeon Crawl Stone Soup version 0.29-a0-923-g6e406bff71 (webtiles) character file.

Game seed: 2493978805707161508

167 drugrobin the Chopper (level 5, -4/63 HPs)
             Began as a Demigod Fighter on July 27, 2022.
             Slain by a water moccasin (7 damage)
             ... on level 3 of the Dungeon.
             The game lasted 00:06:05 (3079 turns).

drugrobin the Chopper (Demigod Fighter)             Turns: 3079, Time: 00:06:06

Health: -4/63      AC:  8    Str: 21    XL:     5   Next: 2%
Magic:  7/7        EV:  7    Int: 10    God:
Gold:   59         SH:  0    Dex: 13    Spells: 4/4 levels left

rFire   . . .      SeeInvis .   a - +0 war axe
rCold   . . .      Faith    .   e - orb {*Rage}
rNeg    . . .      Spirit   .   p - +0 chain mail
rPois   .          Reflect  .   (no helmet)
rElec   .          Harm     .   y - scarf {+Inv}
rCorr   .          Rampage  .   (no gloves)
Will    .....      Rage     20% (no boots)
Stlth   ..........              h - amulet of the acrobat
HPRegen 0.20/turn               (no ring)
MPRegen 0.10/turn               (no ring)

@: berserking, lethally poisoned (-4 -> -14), very quick
A: high MP 1, forlorn, divine attributes
a: Evoke Invisibility


You were on level 3 of the Dungeon.
You visited 1 branch of the dungeon, and saw 4 of its levels.

You collected 176 gold pieces.
You spent 117 gold pieces at shops.

Inventory:

Hand Weapons
 a - a +0 war axe (weapon)
Missiles
 o - 6 boomerangs (quivered)
Armour
 b - a +0 scale mail
 c - a +0 buckler
 e - an orb of wrath (worn)
 p - a +0 chain mail (worn)
 q - a +0 kite shield
 y - a scarf of invisibility (worn)
Jewellery
 h - an amulet of the acrobat (around neck)
Scrolls
 i - a scroll of enchant weapon {unknown}
 j - 2 scrolls of fear {unknown}
 k - 2 scrolls of blinking {unknown}
 l - 3 scrolls of noise {unknown}
 m - 3 scrolls of vulnerability {unknown}
 s - a scroll of silence {unknown}
 t - 2 scrolls of identify {unknown}
 v - a scroll of poison {unknown}
 w - 4 scrolls of teleportation {unknown}
 A - a scroll of magic mapping {unknown}
Potions
 d - 3 potions of might
 f - 2 potions of attraction {unknown}
 g - a potion of haste {unknown}
 n - 2 potions of magic {unknown}
 r - a potion of heal wounds {unknown}
 u - a potion of berserk rage
 x - a potion of mutation {unknown}
 z - a potion of cancellation {unknown}


   Skills:
 - Level 2.6 Fighting
 * Level 5.0 Axes
 - Level 2.6 Armour
 - Level 2.6 Shields


You had 4 spell levels left.
You didn't know any spells.
Your spell library contained the following spells:

 Spells                   Type           Power      Damage    Failure   Level
 Ensorcelled Hibernation  Hex/Ice        0%         N/A       99%         2
 Spider Form              Tmut/Pois      0%         N/A       100%        3
 Anguish                  Hex/Necr       0%         N/A       100%        4


Dungeon Overview and Level Annotations

Branches:
Dungeon (4/15)
 Temple: D:4-7

Shops:
D:2 *


Innate Abilities, Weirdness & Mutations

You have an increased reservoir of magic. (+10% MP)
You shall have no god before yourself.
Your divine heritage dramatically boosts your attributes as you level up.


Message History

The water moccasin poisons you!
You barely miss the water moccasin.
You feel very sick.
The water moccasin bites you but does no damage. x2
You closely miss the water moccasin.
You feel very sick. The water moccasin bites you.
You are lethally poisoned!
The water moccasin poisons you!
The water moccasin bites you but does no damage.
You miss the water moccasin.
You feel very sick.
The water moccasin completely misses you.
A red film seems to cover your vision as you go berserk!
You feel yourself moving faster!
You feel mighty!
You hit the water moccasin.
The water moccasin is lightly wounded.
You feel very sick.
The water moccasin bites you but does no damage. x2
You closely miss the water moccasin.
The water moccasin is lightly wounded.
You feel sick. The water moccasin barely misses you.
You closely miss the water moccasin.
The water moccasin is lightly wounded.
You feel sick. The water moccasin bites you.
* * * LOW HITPOINT WARNING * * *
You are lethally poisoned!
The water moccasin poisons you! The water moccasin barely misses you.
You miss the water moccasin.
The water moccasin is lightly wounded.
* * * LOW HITPOINT WARNING * * *
You feel sick. The water moccasin bites you.
* * * LOW HITPOINT WARNING * * *
Unknown command.
Unknown command.
You slash the water moccasin!
The water moccasin is moderately wounded.
* * * LOW HITPOINT WARNING * * *
You feel very sick. The water moccasin bites you!
You die...

######.#...............<...#
##...#.#####....####.#...#
#<...#.# #....# #.#...#
##'###.# #....# #.....#
#...##.# ###.##
#####..###### #...##.#
####.# #.......)....
#...##.# #....#
#......###### #...####
#..S.####............ #...#
#...@..##......###### #_._#
#...##.#####'#....).. #####
#...##.# #.#....#.# #...##.#
#.#.####.# #...##.#
#.#.......
######.#####.######..
#.......# #.. ######### #..
#..


You could see a water moccasin.

Vanquished Creatures
  A phantom (D:3)
  A gnoll (D:2)
  4 dart slugs
  7 orcs
  5 bats
  7 endoplasms
  2 giant cockroaches
  9 goblins
  3 hobgoblins
  8 kobolds
  2 quokkas
  6 ball pythons
  7 frilled lizards
  4 rats
66 creatures vanquished.

Vanquished Creatures (others)
  A fungus (D:1)
1 creature vanquished.

Grand Total: 67 creatures vanquished

Notes
Turn   | Place    | Note
-------+----------+-------------------------------------------
     0 | D:1      | drugrobin the Demigod Fighter began the quest for the Orb.
     0 | D:1      | Reached XP level 1. HP: 18/18 MP: 3/3
    33 | D:1      | Reached skill level 2 in Axes
   233 | D:1      | Reached XP level 2. HP: 25/25 MP: 4/4
   356 | D:1      | Reached skill level 3 in Axes
   745 | D:1      | Reached XP level 3. HP: 30/30 MP: 5/5
  1406 | D:2      | Found Lohilif's Assorted Antiques.
  1414 | D:2      | Bought a scroll labelled VEIBIT KOWK for 24 gold pieces
  1414 | D:2      | Bought an inky potion for 21 gold pieces
  1414 | D:2      | Bought a scroll labelled NODEUPHAUM for 24 gold pieces
  1414 | D:2      | Bought a scroll labelled NENYINWYVOO for 24 gold pieces
  1414 | D:2      | Bought a scroll labelled QODDAM EJYO for 24 gold pieces
  1759 | D:2      | Reached skill level 4 in Axes
  2004 | D:3      | Reached XP level 4. HP: 37/37 MP: 6/6
  2461 | D:4      | Noticed a phantom
  2473 | D:3      | Killed a phantom
  2474 | D:3      | Reached skill level 5 in Axes
  2481 | D:4      | Noticed a centaur
  2900 | D:4      | Noticed a water moccasin
  2984 | D:4      | Reached XP level 5. HP: 40/42 MP: 7/7
  3079 | D:3      | HP: 3/63 [poisoned by a water moccasin]
  3079 | D:3      | Slain by a water moccasin

Illustrated notes

Levels and vault maps discovered:
D:1:      minmay_arrival_stair_chambers, layout_basic,
          dreamdust_ecumenical_altar_hidden_monk_grotto
D:2:      layout_rooms, serial_shops, nicolae_shop_trees, minmay_circle_x
D:3:      layout_basic, grunt_temple_overflow_bloody_war
D:4:      layout_cave_pools, mainiacjoe_overflow_catwalk_spiral,
          gammafunk_temple_overflow_wave

Skill      XL: |  1  2  3  4 |
---------------+-------------+-----
Axes           | 2 3 4 5 |  5.0
Fighting       | |  2.6
Armour         | |  2.6
Shields        | |  2.6

Action                   |  1- 3 |  4- 6 || total
-------------------------+-------+-------++-------
Melee: War axe           |   145 |    26 ||   171
Throw: Boomerang         |       |     5 ||     5
Armor: Scale mail        |    27 |       ||    27
       Chain mail        |    43 |    11 ||    54
Dodge: Dodged            |    70 |    16 ||    86
Block: Buckler           |    15 |     1 ||    16
       Kite shield       |    30 |       ||    30

Table legend: (Time is in decaauts)
 A = Elapsed time spent in this place.
 B = Non-inter-level travel time spent in this place.
 C = Inter-level travel time spent in this place.
 D = Time resting spent in this place.
 E = Time spent auto-exploring this place.
 F = Levels seen in this place.
 G = Mean time per level.
                   A        B        C        D        E       F      G
               +--------+--------+--------+--------+--------+-----+--------+
         Total |   3151 |   3007 |    144 |    392 |   1830 |   4 |  787.8 |
       Dungeon |   3151 |   3007 |    144 |    392 |   1830 |   4 |  787.8 |
               +--------+--------+--------+--------+--------+-----+--------+

Top non-repeatable levels by time:
     D:3: 1440 daAuts
     D:1: 869 daAuts
     D:2: 709 daAuts
     D:4: 131 daAuts
